 Dungeon Crawl Stone Soup version 0.32-a0-13-gbaedc5810e (webtiles) character file.

Game seed: 16778400001442577807

9352 Bnni the Toxicologist (level 11, -5/77 HPs)
             Began as an Octopode Alchemist on Jan 15, 2024.
             Was an Initiate of Gozag.
             Slain by Salticid's ghost (16 damage)
             ... on level 10 of the Dungeon.
             The game lasted 00:29:11 (10897 turns).

Bnni the Toxicologist (Octopode Alchemist)         Turns: 10897, Time: 00:29:12

Health: -5/77      AC:  1    Str:  9    XL:     11   Next: 45%
Magic:  3/22       EV: 20    Int: 21    God:    Gozag
Gold:   1213       SH:  0    Dex: 12    Spells: 7/25 levels left

rFire   + . .        r - +0 dagger (venom)
rCold   . . .        l - sphere of Battle
rNeg    . . .        (helmet restricted)
rPois   .            t - amulet of regeneration
rElec   .            s - ring of wizardry
rCorr   .            y - ring of protection from cold
SInv    .            k - ring of fire
Will    .....        J - +5 ring of evasion
Stlth   +++          (no ring)
HPRegen 1.12/turn    (no ring)
MPRegen 0.18/turn    (no ring)
                     (no ring)

%: wizardry (x1)
@: gold aura
A: almost no armour, amphibious, 8 rings, camouflage 1, gelatinous body 1,
(nimble swimmer 1), tentacles
a: Renounce Religion, Potion Petition, Call Merchant, Bribe Branch


You were on level 10 of the Dungeon.
You worshipped Gozag.
Gozag was most pleased with you.
You visited 2 branches of the dungeon, and saw 11 of its levels.
You also visited: Sewer and Bailey.

You collected 1379 gold pieces.
You paid 166 gold pieces to Gozag.

Inventory:

Hand Weapons
 r - a +0 dagger of venom (weapon)
 G - a +1 scimitar of protection
Missiles
 d - 3 curare-tipped darts
 H - 2 throwing nets
Armour
 l - the sphere of Battle (worn)
   (You found it in a bailey)

   Battle:    It summons a battlesphere in combat, with strength depending on
   Conjurations skill.
   Destructive: It enhances your destructive magic, and weakens non-destructive
   magic.
Jewellery
 k - a ring of fire (on tentacle)
 s - a ring of wizardry (left tentacle)
 t - an amulet of regeneration (around mantle)
 y - a ring of protection from cold (right tentacle)
 J - a +5 ring of evasion (on tentacle)
 K - a ring of wizardry
Wands
 e - a wand of polymorph (10)
 A - a wand of digging (4)
 F - a wand of light (14)
 M - a wand of paralysis (12)
Scrolls
 b - 4 scrolls of amnesia {unknown}
 g - a scroll of immolation {unknown}
 h - 3 scrolls of fear {unknown}
 p - 2 scrolls of poison {unknown}
 q - 2 scrolls of noise {unknown}
 u - a scroll of enchant armour {unknown}
 w - a scroll of revelation {unknown}
 z - a scroll of teleportation
 C - 2 scrolls of vulnerability
 D - 2 scrolls of fog
 E - a scroll of summoning {unknown}
 L - a scroll of identify
Potions
 a - a potion of magic
 c - a potion of haste {unknown}
 f - a potion of attraction {unknown}
 j - 2 potions of might
 m - 4 potions of curing
 n - 3 potions of lignification {unknown}
 o - a potion of enlightenment
 v - a potion of berserk rage {unknown}
 x - a potion of brilliance {unknown}
 B - 4 potions of invisibility {unknown}
 I - 5 potions of degeneration {unknown}
 N - 2 potions of mutation {unknown}


   Skills:
 + Level 8.0 Fighting
 + Level 6.1 Dodging
 - Level 2.6 Stealth
 + Level 7.6 Spellcasting
 * Level 4.1 Conjurations
 * Level 12.8 Alchemy


You had 7 spell levels left.
You knew the following spells:

 Your Spells              Type           Power      Damage    Failure   Level
a - Sting                 Conj/Alch      100%       1d9       1%          1
b - Mercury Vapours       Alch/Air       100%       N/A       1%          2
c - Mephitic Cloud        Conj/Alch/Air  47%        N/A       1%          3
d - Olgreb's Toxic Radia  Alch           75%        N/A       1%          4
e - Fulminant Prism       Conj/Alch      30%        3d16      1%          4
f - Sticky Flame          Fire/Alch      68%        2d11      2%          4

Your spell library contained the following spells:

 Spells                   Type           Power      Damage    Failure   Level
 Magic Dart               Conj           100%       1d8       1%          1
 Shock                    Conj/Air       100%       1d9       1%          1
 Searing Ray              Conj           76%        2d7       1%          2
 Summon Small Mammal      Summ           16%        N/A       3%          1
 Ensorcelled Hibernation  Hex/Ice        8%         N/A       4%          2
 Lesser Beckoning         Tloc           8%         N/A       4%          2
 Call Canine Familiar     Summ           4%         N/A       10%         3
 Gell's Gravitas          Tloc           4%         N/A       10%         3
 Passwall                 Erth           4%         N/A       10%         3
 Swiftness                Air            4%         N/A       10%         3
 Teleport Other           Tloc           4%         N/A       10%         3
 Tukima's Dance           Hex            4%         N/A       10%         3
 Iskenderun's Mystic Bla  Conj/Tloc      25%        2d7       14%         4
 Airstrike                Air            6%         2d(1-17)  32%         4
 Dimensional Bullseye     Hex/Tloc       2%         N/A       32%         4
 Summon Blazeheart Golem  Fire/Summ      8%         N/A       32%         4
 Silence                  Hex/Air        2%         N/A       63%         5
 Discord                  Hex            2%         N/A       100%        8


Dungeon Overview and Level Annotations

Branches:
Dungeon (10/15)            Temple (1/1) D:5            Lair (0/5) D:9
    Orc (0/2) D:9           Sewer (visited)          Bailey (visited)

Altars:
Ashenzari
Cheibriados
Dithmenos
Elyvilon
Fedhas
Gozag
Hepliaklqana
Kikubaaqudgha
Makhleb
Nemelex Xobeh
Okawaru
Qazlal
Ru
Sif Muna
Trog
Uskayaw
Vehumet
Wu Jian
Xom
Yredelemnul
Zin
The Shining One

Annotations:
D:10 Salticid's ghost, journeyman DrGl


Innate Abilities, Weirdness & Mutations

You cannot wear most types of armour.
You are amphibious.
You can wear up to eight rings at the same time.
Your skin changes colour to match your surroundings (Stealth+).
Your rubbery body absorbs attacks. (AC +1, EV +1)
((You are camouflaged when in or above water. (Stealth+)))
You have tentacles for arms and can constrict up to eight enemies at once.


Message History

Aiming: Fulminant Prism (dangerous; 1% risk of failure)
Press: ? - help, Dir - move target You feel a surge of power!
You conjure a prism of explosive energy!
A fulminant prism comes into view.
Your battlesphere fires!
The barrage of energy hits Salticid's ghost!
Salticid's ghost is heavily damaged.
Salticid's ghost is no longer distracted by gold.
The freezing wraith hits you! The freezing wraith freezes you!
The freezing wraith closely misses you.
Your fulminant prism crackles loudly.
Unknown command.
Unknown command.
You feel much better. The freezing wraith hits you.
The freezing wraith freezes you!! The freezing wraith barely misses you.
Your fulminant prism crackles loudly.
Your fulminant prism explodes!
The blast of energy engulfs the freezing wraith!
The freezing wraith is almost destroyed.
Unknown command.
Unknown command.
Casting: Fulminant Prism (dangerous; 1% risk of failure)
Confirm with . or Enter, or press ? or * to list all spells.
Aiming: Fulminant Prism (dangerous; 1% risk of failure)
Press: ? - help, Dir - move target You feel a surge of power!
You conjure a prism of explosive energy!
A fulminant prism comes into view.
Your battlesphere fires!
The barrage of energy hits the freezing wraith but does no damage.
The freezing wraith is almost destroyed.
Your battlesphere expends the last of its energy and dissipates.
The freezing wraith hits you!
* * * LOW HITPOINT WARNING * * *
The freezing wraith freezes you!
* * * LOW HITPOINT WARNING * * *
The freezing wraith closely misses you. Salticid's ghost hits you!
You die...
Your body crumbles into a pile of gold.

###.#.....#####)...#.
...#.........°##..## #
######....######.##....
#.#.#.#.....#### #.###>..
#[...$#......... ..# #...
#8[...'○.*...#########...
#.!..*'......#...........
#8$...'W....##.##.....#..
#.....#W@....#.##.....#..
#.#.#.####...#.##.....#..
# ########.#.#......#..
#......#.#...####..
#......<.'.........
#......###...#####.
#......# #...# #.
#......# #...# #.
#......# #...# #[


You could see a freezing wraith (ally target), Salticid's ghost and 2 friendly
fulminant prisms.

Vanquished Creatures
  An orc knight (Bailey)
  A deep elf zephyrmancer (Bailey)
  A gargoyle (D:10)
  2 trolls (D:9)
  Prince Ribbit (D:5)
  A wyvern (D:9)
  A wraith (D:10)
  3 shadows
  9 yaks
  A human (D:9)
  3 vampire mosquitoes (D:10)
  Edmund (D:5)
  A water moccasin (D:7)
  2 black bears (D:5)
  8 orc warriors
  An ice beast (D:7)
  2 sky beasts (D:8)
  An ogre (D:4)
  5 centaurs
  2 phantoms (D:5)
  2 kobold brigands (Sewer)
  A bullfrog (D:8)
  4 scorpions
  Blork the orc (D:4)
  A gnoll sergeant (D:7)
  15 wights
  10 howler monkeys
  3 bombardier beetles (D:5)
  10 orc priests
  3 jellies
  3 hounds
  2 gnoll boudas
  A sleepcap (D:6)
  9 orc wizards
  3 iguanas
  12 gnolls
  6 adders
  A river rat (Sewer)
  A white imp (D:5)
  2 ribbon worms
  2 dart slugs
  39 orcs
  3 endoplasms
  4 giant cockroaches
  5 goblins
  3 hobgoblins
  4 jackals
  4 quokkas
  2 ball pythons
  5 bats
  4 frilled lizards
  10 kobolds
  11 rats
233 creatures vanquished.

Vanquished Creatures (others)
  8 fulminant prisms
8 creatures vanquished.

Grand Total: 241 creatures vanquished

Notes
Turn   | Place    | Note
-------+----------+-------------------------------------------
     0 | D:1      | Bnni the Octopode Alchemist began the quest for the Orb.
     0 | D:1      | Reached XP level 1. HP: 11/11 MP: 3/3
   237 | D:1      | Reached XP level 2. HP: 14/18 MP: 1/5
   832 | D:1      | Reached skill level 1 in Fighting
  1066 | D:2      | Reached XP level 3. HP: 23/23 MP: 4/6
  1107 | D:2      | Found a faded altar of an unknown god.
  1111 | D:2      | Learned a level 2 spell: Mercury Vapours
  1241 | D:2      | Reached skill level 4 in Alchemy
  1977 | D:3      | Found a glowing drain.
  1999 | D:3      | Reached XP level 4. HP: 28/28 MP: 1/7
  2008 | D:3      | Learned a level 4 spell: Olgreb's Toxic Radiance
  2055 | Sewer    | Entered a sewer
  2148 | Sewer    | Noticed a kobold brigand
  2151 | Sewer    | Noticed a kobold brigand
  2157 | Sewer    | Killed a kobold brigand
  2158 | Sewer    | Reached skill level 5 in Alchemy
  2158 | Sewer    | Reached XP level 5. HP: 23/34 MP: 2/9
  2163 | Sewer    | Killed a kobold brigand
  2269 | Sewer    | Found a white marble altar of Elyvilon.
  2319 | D:3      | Reached XP level 6. HP: 41/41 MP: 5/10
  2409 | D:3      | Learned a level 3 spell: Mephitic Cloud
  3247 | D:4      | Reached skill level 6 in Alchemy
  3360 | D:4      | Noticed Blork the orc
  3368 | D:4      | Killed Blork the orc
  3505 | D:4      | Found a shimmering altar of Xom.
  3506 | D:4      | Found a hazy altar of Hepliaklqana.
  3506 | D:4      | Noticed a tentacled monstrosity
  3507 | D:4      | Noticed a spectral ugly thing
  3507 | D:4      | Noticed a tentacled monstrosity
  3551 | D:4      | Reached XP level 7. HP: 33/46 MP: 8/12
  3805 | D:4      | Reached skill level 7 in Alchemy
  3963 | D:4      | Learned a level 4 spell: Sticky Flame
  4203 | D:5      | Entered Level 5 of the Dungeon
  4213 | D:5      | Found a blossoming altar of Fedhas.
  4287 | D:5      | Reached XP level 8. HP: 24/54 MP: 1/14
  4520 | D:5      | Reached skill level 8 in Alchemy
  4586 | D:5      | Noticed Prince Ribbit
  4597 | D:5      | Killed Prince Ribbit
  4598 | D:5      | Reached skill level 5 in Fighting
  4598 | D:5      | Reached skill level 5 in Spellcasting
  4605 | D:5      | Found a staircase to the Ecumenical Temple.
  4622 | Temple   | Entered the Ecumenical Temple
  4628 | D:5      | Noticed Edmund
  4651 | D:5      | Killed Edmund
  4652 | D:5      | Reached skill level 9 in Alchemy
  4810 | D:5      | Reached XP level 9. HP: 44/61 MP: 12/17
  4899 | D:5      | Found an ancient bone altar of Kikubaaqudgha.
  4899 | D:5      | Found a bloodstained altar of Trog.
  5392 | D:6      | Found a sparkling altar of Nemelex Xobeh.
  6211 | D:7      | Reached skill level 10 in Alchemy
  6702 | D:7      | You fall into a shaft and drop 3 floors!
  6702 | D:10     | Entered Level 10 of the Dungeon
  6787 | D:10     | Found an opulent altar of Gozag.
  6792 | D:10     | Became a worshipper of Gozag Ym Sagoz the Greedy
  6909 | D:9      | Found a flagged portal.
  6918 | Bailey   | Entered a bailey
  6973 | Bailey   | Reached XP level 10. HP: 52/69 MP: 11/19
  6993 | Bailey   | Reached skill level 11 in Alchemy
  7081 | Bailey   | Found a large runed translucent door.
  7081 | Bailey   | Found a large runed translucent door.
  7081 | Bailey   | Noticed an orc knight
  7082 | Bailey   | Noticed a deep elf zephyrmancer
  7083 | Bailey   | Found the sphere of Battle
  7112 | Bailey   | Killed an orc knight
  7226 | Bailey   | Killed a deep elf zephyrmancer
  7324 | Bailey   | Got the Monograph on the Door and Ensorcelling
  7577 | D:9      | Found a staircase to the Orcish Mines.
  7596 | D:9      | Reached skill level 5 in Dodging
  7711 | D:9      | Reached skill level 12 in Alchemy
  7905 | D:8      | Found a shimmering blue altar of Sif Muna.
  7948 | D:8      | Found a glowing golden altar of the Shining One.
  8021 | D:8      | Learned a level 4 spell: Fulminant Prism
  8975 | D:7      | Reached XP level 11. HP: 75/75 MP: 13/21
  9022 | D:7      | Found a sacrificial altar of Ru.
 10286 | D:9      | Found a staircase to the Lair.
 10652 | D:10     | Found a runed translucent gate.
 10654 | D:10     | Found a runed translucent gate.
 10655 | D:10     | Found a runed translucent gate.
 10887 | D:10     | Noticed Salticid's ghost (journeyman DrGl)
 10897 | D:10     | Slain by Salticid's ghost

Illustrated notes

Levels and vault maps discovered:
D:1:      sevenhm_arrival_forest_fort_small_6, layout_loops_cross,
          minmay_misc_feat_plants, minmay_parallelograms
D:2:      layout_loops_ring, shapermc_ecumenical_altar_flowoftime
D:3:      layout_basic, cheibrodos_sewer_entry_drain
D:4:      layout_basic, regret_index_temple_of_mockery, uniq_blork_the_orc
D:5:      layout_rooms, mainiacjoe_overflow_cross_hatched,
          amethyst_overflow_temple_binary, minmay_temple_entry_drinking_statues,
          uniq_prince_ribbit1, uniq_edmund
D:6:      layout_basic, mainiacjoe_overflow_concentric_impassable
D:7:      layout_basic, marbit_many_paths
D:8:      layout_basic, kennysheep_little_box, nicolae_tso_carved_into_rock
D:9:      layout_basic, lair_entry_dummy, erik_orc_4, enter_bailey_2
D:10:     layout_basic, general_overflow_altar, gammafunk_ghost_spectres
Temple:   nicolae_temple_godzebo

Skill      XL: |  1  2  3  4  5  6  7  8  9 10 11 |
---------------+----------------------------------+-----
Fighting       | 1 2 3 4 5 6 7 8 |  8.0
Alchemy        | 4 5 6 7 9 10 12 | 12.8
Spellcasting   | 3 4 5 6 7 |  7.6
Dodging        | 4 5 6 |  6.1
Conjurations   | 2 4 |  4.1
Stealth        | |  2.6

Action                     |  1- 3 |  4- 6 |  7- 9 | 10-12 || total
---------------------------+-------+-------+-------+-------++-------
  Melee: Unarmed           |     6 |       |       |       ||     6
         Whip              |     4 |       |       |       ||     4
         Dagger            |    26 |    31 |   111 |    75 ||   243
         Tentacles         |     5 |    11 |    35 |    26 ||    77
         Constrict         |     6 |    11 |    25 |    10 ||    52
         Punch             |       |     2 |     1 |     2 ||     5
  Throw: Dart              |       |     2 |       |       ||     2
   Cast: Sting             |    54 |     9 |    34 |    72 ||   169
         Olgreb's Toxic Ra |       |     6 |    30 |    22 ||    58
         Mercury Vapours   |       |     2 |     2 |     1 ||     5
         Sticky Flame      |       |       |     8 |    11 ||    19
         Mephitic Cloud    |       |       |     1 |     6 ||     7
         Fulminant Prism   |       |       |       |    10 ||    10
  Evoke: Wand              |       |       |       |     1 ||     1
    Use: Potion            |       |       |     2 |     3 ||     5
         Scroll            |       |       |     5 |     1 ||     6
   Stab: Sleeping          |     1 |     2 |     1 |       ||     4
         Distracted        |       |       |       |     1 ||     1
         Confused          |       |       |       |     1 ||     1
 Armour: Skin              |    17 |    28 |    83 |    57 ||   185
  Dodge: Dodged            |    43 |    19 |    83 |    91 ||   236

Table legend: (Time is in decaauts)
 A = Elapsed time spent in this place.
 B = Non-inter-level travel time spent in this place.
 C = Inter-level travel time spent in this place.
 D = Time resting spent in this place.
 E = Time spent auto-exploring this place.
 F = Levels seen in this place.
 G = Mean time per level.
                   A        B        C        D        E       F      G
               +--------+--------+--------+--------+--------+-----+--------+
         Total |  10892 |  10549 |    343 |    729 |   7929 |  13 |  837.8 |
       Dungeon |  10167 |   9824 |    343 |    394 |   7842 |  10 | 1016.7 |
        Temple |      5 |      5 |      0 |      0 |      0 |   1 |    5.0 |
         Sewer |    248 |    248 |      0 |    118 |     67 |   1 |  248.0 |
        Bailey |    470 |    470 |      0 |    217 |     20 |   1 |  470.0 |
               +--------+--------+--------+--------+--------+-----+--------+

Top non-repeatable levels by time:
     D:9: 1542 daAuts
     D:7: 1118 daAuts
     D:3: 1075 daAuts
     D:1: 1038 daAuts
     D:6: 1031 daAuts
     D:4: 1028 daAuts
     D:5: 964 daAuts
     D:8: 915 daAuts
     D:2: 810 daAuts
    D:10: 642 daAuts
  Bailey: 470 daAuts
   Sewer: 248 daAuts
  Temple: 5 daAuts
